Map: [ESL] Royal Blood

Players

StarNaN - Winner!

  • Race: Protoss Protoss
  • Spawn Location: 7:00

Zain

  • Race: Protoss Protoss
  • League: Diamond
  • Spawn Location: 1:00

Event: ESL SC2 Masters 2023 Summer (Finals)

VOD

Have the link to the VOD?

Description

Time

  • Played on: June 16, 2023, 5:21 a.m.
  • Length: 9:01

All games in this series

Show
View Real Time Build Order
Export as new Build Order

StarNaN Protoss - Winner!

Build Orders: 1 Gate Expand, Proxy Void Ray 

Get SALT Encoding   

  12  0:00  Probe  
  13  0:12  Probe  
  14  0:19  Pylon  
  14  0:28  Probe (Chrono Boost)  
  15  0:38  Gateway  
  15  0:40  Probe (Chrono Boost)  
  16  0:46  Assimilator  
  16  0:49  Probe (Chrono Boost)  
  17  0:54  Probe  
  18  1:06  Probe  
  19  1:18  Probe  
  19  1:24  Nexus  
  20  1:34  Cybernetics Core  
  20  1:40  Assimilator  
  20  1:43  Probe  
  21  1:49  Pylon  
  21  1:56  Zealot  
  23  2:07  Probe  
  24  2:15  Stargate  
  24  2:19  Probe  
  25  2:23  Stalker  
  27  2:35  Shield Battery  
  27  2:37  Probe  
  27  2:40  Probe  
  29  2:51  Probe  
  30  2:57  Probe  
  35  3:05  Void Ray (Chrono Boost)  
  35  3:14  Probe, Shield Battery  
  35  3:19  Stalker  
  42  3:41  Void Ray (Chrono Boost)  
  42  3:42  Probe  
  42  3:44  Probe  
  42  3:47  Forge  
  44  3:56  Shield Battery  
  44  4:09  Shield Battery  
  44  4:26  Pylon  
  44  4:28  Void Ray (Chrono Boost)  
  46  4:40  Pylon  
  46  4:43  Shield Battery  
  46  4:45  Photon Cannon  
  50  5:00  Void Ray (Chrono Boost)  
  50  5:03  Photon Cannon  
  50  5:24  Gateway  
  50  5:26  Gateway  
  54  5:31  Void Ray (Chrono Boost)  
  50  5:36  Pylon  
  50  5:46  Probe  
  50  5:47  Probe  
  50  5:49  Robotics Facility  
  52  5:56  Shield Battery  
  52  5:58  Probe  
  52  5:59  Probe  
  53  6:10  Probe  
  54  6:12  Probe  
  59  6:19  Void Ray  
  59  6:21  Pylon  
  59  6:22  Probe  
  59  6:24  Probe  
  61  6:26  Cybernetics Core  
  61  6:34  Probe  
  61  6:39  Probe  
  63  6:41  Immortal  
  63  6:44  Warp Gate (Chrono Boost)  
  67  6:58  Pylon  
  67  7:01  Pylon  
  67  7:04  Pylon  
  70  7:08  Void Ray (Chrono Boost)  
  70  7:20  Immortal (Chrono Boost)  
  74  7:28  Probe  
  75  7:31  Probe  
  75  7:32  Pylon  
  76  7:40  Probe  
  76  7:43  Probe  
  82  7:48  Void Ray  
  82  7:57  Immortal (Chrono Boost)  
  86  8:01  Pylon, Photon Cannon  
  85  8:11  Photon Cannon  
  84  8:21  Photon Cannon x2  
  84  8:26  Immortal (Chrono Boost)  
  88  8:34  Adept  
  88  8:35  Probe, Adept  
  88  8:39  Pylon  
Show
View Real Time Build Order
Export as new Build Order

Zain Protoss 

Build Orders:  

Get SALT Encoding   

  12  0:00  Probe  
  13  0:12  Probe  
  14  0:17  Pylon  
  14  0:24  Probe (Chrono Boost)  
  15  0:36  Probe (Chrono Boost)  
  15  0:38  Gateway  
  16  0:44  Probe (Chrono Boost)  
  16  0:46  Assimilator  
  17  0:51  Probe  
  18  0:58  Assimilator  
  18  1:03  Probe (Chrono Boost)  
  19  1:12  Probe (Chrono Boost), Gateway  
  19  1:17  Probe (Chrono Boost)  
  20  1:25  Cybernetics Core  
  21  1:29  Probe  
  22  1:41  Probe  
  23  1:50  Pylon  
  23  1:58  Warp Gate (Chrono Boost)  
  23  2:07  Stalker x2  
  23  2:08  Probe  
  28  2:10  Pylon  
  28  2:37  Stalker x2  
  28  2:42  Gateway  
  32  2:53  Robotics Facility  
  32  3:07  Stalker x2  
  36  3:19  Pylon  
  36  3:21  Shield Battery  
  36  3:39  Stalker  
  38  3:45  Stalker  
  38  3:46  Stalker  
  42  3:54  Warp Prism (Chrono Boost)  
  40  4:09  Stalker  
  41  4:13  Stalker  
  43  4:36  Stalker x2  
  43  4:38  Stalker  
  45  5:01  Stalker  
  45  5:05  Pylon  
  33  5:23  Stalker x2  
  33  5:24  Stalker  
  29  5:29  Stalker x3  
  33  5:45  Twilight Council  
  33  5:53  Stalker x3  
  39  6:16  Stalker  
  39  6:17  Stalker x2  
  45  6:20  Blink (Chrono Boost)  
  45  6:46  Stalker x2  
  49  6:54  Stalker  
  51  7:13  Stalker x2  
  55  7:15  Pylon  
  55  7:33  Pylon  
  55  7:34  Observer  
  56  7:40  Stalker  
  58  7:50  Stalker  
  60  7:54  Stalker  
  54  8:16  Stalker  
  54  8:17  Stalker  
  56  8:34  Stalker  
  56  8:40  Stalker  
  60  8:41  Stalker  
Tags
 
Add a new tag
Caveats
  • Supply blocks, unpowered buildings, or Contaminate may cause inaccurate times.
  • Supply counts are checked every 10 seconds.